 Dungeon Crawl Stone Soup version 0.25.1-9-gc5326a611f (webtiles) character file.

Game seed: 7892483318422003294

112 raceaflais the Magician (level 4, 0/24 HPs)
             Began as a Deep Elf Wizard on Dec 31, 2020.
             Was an Initiate of Sif Muna.
             Slain by a vampire bat (2 damage)
             ... on level 3 of the Dungeon.
             The game lasted 00:18:25 (3644 turns).

raceaflais the Magician (Deep Elf Wizard)           Turns: 3644, Time: 00:18:25

Health: 0/24       AC:  7    Str: -3 (4)  XL:     4   Next: 64%
Magic:  10/14      EV:  4    Int: 22 (24) God:    Sif Muna [......]
Gold:   74         SH:  0    Dex: 10 (13) Spells: 14/15 levels left

rFire    . . .     SeeInvis .   q - +1 dagger (drain)
rCold    . . .     Gourm    .   (no shield)
rNeg     . . .     Faith    .   i - +0 ring mail
rPois    .         Spirit   .   p - +0 helmet
rElec    .         Reflect  .   (no cloak)
rCorr    .         Harm     .   (no gloves)
MR       .....                  e - +0 pair of boots
Stlth    +.........             (no amulet)
HPRegen  0.02/turn              (no ring)
MPRegen  0.14/turn              (no ring)

@: slightly contaminated, slowed, lost strength, very slow
A: no striking features
a: Renounce Religion


You were on level 3 of the Dungeon.
You worshipped Sif Muna.
Sif Muna was noncommittal.
You were not hungry.

You visited 1 branch of the dungeon, and saw 3 of its levels.

You collected 74 gold pieces.

Inventory:

Hand Weapons
 c - a +2 dagger
 q - a +1 dagger of draining (weapon)
Missiles
 f - 26 bolts
 j - 13 sling bullets
 k - 18 poisoned darts (quivered)
 n - 18 arrows
Armour
 a - a +1 robe
 b - a +0 hat
 e - a +0 pair of boots (worn)
 h - a +0 robe
 i - a +0 ring mail (worn)
 o - a +0 animal skin
 p - a +0 helmet (worn)
Scrolls
 l - a scroll of remove curse
Comestibles
 d - a ration


   Skills:
 + Level 0.2(0.1) Fighting
 + Level 0.1(0.0) Short Blades
 + Level 3.0(1.5) Dodging
 + Level 2.7(1.3) Stealth
 + Level 6.4(3.2) Spellcasting
 + Level 2.2(1.1) Conjurations
   Level 1.1(0.5) Summonings
   Level 1.1(0.5) Translocations


You had 14 spell levels left.
You knew the following spells:

 Your Spells              Type           Power        Failure   Level  Hunger
a - Magic Dart            Conj           #...         99%         1    None

Your spell library contained the following spells:

 Spells                   Type           Power        Failure   Level  Hunger
 Blink                    Tloc           N/A          100%        2    ##.....
 Call Imp                 Summ           #.......     100%        2    ##.....
 Slow                     Hex            #.......     100%        2    ##.....
 Conjure Flame            Conj/Fire      #.......     100%        3    ###....
 Mephitic Cloud           Conj/Pois/Air  #.......     100%        3    ###....


Dungeon Overview and Level Annotations

Branches:
Dungeon (3/15)

Altars:
Ashenzari
Cheibriados
Kikubaaqudgha
Nemelex Xobeh
Sif Muna
The Shining One


Message History

You are lightly contaminated with residual magic.
Nothing appears to happen.
The vampire bat barely misses you.
The vampire bat bites you but does no damage.
The bat zombie hits you but does no damage.
The vampire bat bites you but does no damage.
The bat zombie barely misses you. The vampire bat bites you.
* * * LOW HITPOINT WARNING * * *
The vampire bat draws strength from your injuries!
The bat zombie hits you but does no damage.
The bat zombie barely misses you. The vampire bat bites you.
* * * LOW HITPOINT WARNING * * *
The vampire bat draws strength from your injuries!
Throwing (i - inventory)
k - 19 poisoned darts (quivered)
Press: ? - help, Shift-Dir - straight line, f/p - bat zombie
Aim: a bat zombie You throw a poisoned dart.
The poisoned dart closely misses the bat zombie.
The vampire bat bites you but does no damage.
The vampire bat bites you.
You die...

%# ⌠. ## .
# #. # .# ⌠
#.⌠. .# #
.#.#.#( .#
#. .#...#.⌠
#.#.b.⌠.#.#
#.b._...#
#Z@b⌠.#
#######


You could see 3 vampire bats and a bat zombie.

Vanquished Creatures
  Robin (D:2)
  2 adders (D:2)
  2 oozes
  2 worms (D:2)
  2 dart slugs
  2 leopard geckos (D:2)
  3 giant cockroaches
  9 goblins
  12 hobgoblins
  3 quokkas (D:2)
  7 bats
  4 frilled lizards
  5 kobolds
  6 rats
60 creatures vanquished.

Notes
Turn   | Place    | Note
-------+----------+-------------------------------------------
     0 | D:1      | raceaflais the Deep Elf Wizard began the quest for the Orb.
     0 | D:1      | Reached XP level 1. HP: 10/10 MP: 7/7
   312 | D:1      | Reached skill level 5 in Spellcasting
   337 | D:1      | Reached XP level 2. HP: 15/15 MP: 1/10
  1580 | D:2      | Reached XP level 3. HP: 19/19 MP: 4/12
  1702 | D:2      | Found a faded altar of an unknown god.
  1716 | D:2      | Became a worshipper of Ashenzari the Shackled
  1716 | D:2      | Reached * piety under Ashenzari
  1960 | D:2      | Reached skill level 6 in Spellcasting
  2128 | D:2      | Found a snail-covered altar of Cheibriados.
  2132 | D:2      | Fell from the grace of Ashenzari
  2132 | D:2      | Became a worshipper of Cheibriados the Contemplative
  2242 | D:2      | Found a sparkling altar of Nemelex Xobeh.
  2242 | D:2      | Found a glowing golden altar of the Shining One.
  2449 | D:2      | Reached XP level 4. HP: 22/24 MP: 0/14
  2594 | D:2      | Noticed Robin
  2634 | D:2      | Killed Robin
  2654 | D:2      | Reached * piety under Cheibriados
  2921 | D:2      | Found a shimmering blue altar of Sif Muna.
  2924 | D:2      | Fell from the grace of Cheibriados
  2924 | D:2      | Became a worshipper of Sif Muna the Loreminder
  3483 | D:2      | Lost strength.
  3639 | D:3      | Found an ancient bone altar of Kikubaaqudgha.
  3644 | D:3      | Slain by a vampire bat

Illustrated notes

Levels and vault maps discovered:
D:1:      psy_arrival_basics, layout_basic
D:2:      layout_loops_ring, lemuel_blue_sif_altar,
          gammafunk_temple_overflow_elements, marbit_many_paths,
          chequers_ecumenical_altar_simple, minivault_27, minmay_between,
          uniq_robin
D:3:      layout_basic, kennysheep_vampire_church,
          lemuel_coloured_pillars_altar, nicolae_overflow_hidden_temple,
          first_ration

Skill      XL: |  1  2  3  4 |
---------------+-------------+-----
Spellcasting   | 5 6 |  6.4
Conjurations   | 2 |  2.2
Dodging        | 3 |  3.0
Fighting       | |  0.2
Short Blades   | |  0.1
Stealth        | |  2.7
Summonings     | |  1.1
Translocations | |  1.1

Action                   |  1- 3 |  4- 6 || total
-------------------------+-------+-------++-------
Melee: Dagger            |    20 |    70 ||    90
Throw: Dart              |       |     1 ||     1
 Cast: Magic Dart        |   107 |    39 ||   146
  Use: Scroll            |     5 |     4 ||     9
       Potion            |     3 |     1 ||     4
  Eat: Ration            |     1 |     1 ||     2
       Chunk             |     1 |     3 ||     4
Armor: Robe              |    15 |     2 ||    17
       Ring mail         |       |    69 ||    69
       Skin              |       |    53 ||    53
Dodge: Dodged            |    38 |    55 ||    93
